 Dungeon Crawl Stone Soup version 0.32-a0-656-g3542139 (webtiles) character file.

Game seed: 12776292339887825656

269 Tl02 the Ducker (level 6, 0/61 HPs)
             Began as a Troll Berserker on Mar 8, 2024.
             Was a Priest of Trog.
             Slain by rotlqkf's ghost (3 damage)
             ... on level 4 of the Dungeon.
             The game lasted 00:33:22 (2355 turns).

Tl02 the Ducker (Troll Berserker)                   Turns: 2355, Time: 00:33:22

Health: 0/61       AC:  4    Str: 28    XL:     6   Next: 1%
Magic:  5/5        EV:  1    Int:  3    God:    Trog [***...]
Gold:   187        SH:  0    Dex: -11 (15)Spells: 5/5 levels left

rFire   . . .        c - +0 arbalest
rCold   . . .        (shield currently unavailable)
rNeg    . . .        a - +0 animal skin
rPois   .            (helmet restricted)
rElec   .            (no cloak)
rCorr   .            (gloves unavailable)
SInv    .            (boots unavailable)
Will    +....        e - amulet of faith Stlth
                     u - +5 ring of evasion
HPRegen 1.10/turn    w - +6 ring of dexterity
MPRegen 0.09/turn

%: faith
@: attractive, enlightened, flying, slowed, lost dexterity, very slow
A: large, unfitting armour, claws 3, regeneration 1, shaggy fur 1, tough skin 1
a: Renounce Religion, Berserk, Trog's Hand


You were on level 4 of the Dungeon.
You worshipped Trog.
Trog was most pleased with you.
You visited 1 branch of the dungeon, and saw 4 of its levels.

You collected 187 gold pieces.

Inventory:

Hand Weapons
 c - a +0 arbalest (weapon)
 f - a +0 rapier
 o - a +0 sling
Armour
 a - a +0 animal skin (worn)
 j - a +0 ring mail
 l - a +0 leather armour
 m - a +0 helmet
 t - a +0 leather armour
Jewellery
 e - an amulet of faith (around neck)
 u - a +5 ring of evasion (left claw)
 w - a +6 ring of dexterity (right claw)
 x - a +4 ring of protection
Talismans
 d - a storm talisman
Wands
 q - a wand of paralysis (5)
 s - a wand of mindburst (10)
Scrolls
 b - 2 scrolls of fear {unknown}
 g - a scroll of poison {unknown}
 k - 2 scrolls of identify {unknown}
 n - a scroll of noise {unknown}
 r - a scroll of vulnerability {unknown}
Potions
 p - a potion of brilliance {unknown}


   Skills:
 + Level 3.2 Fighting
 + Level 2.8 Ranged Weapons
 + Level 3.4 Dodging
 + Level 0.1 Stealth
 + Level 3.1 Unarmed Combat


You had 5 spell levels left.
You didn't know any spells.
Your spell library contained the following spells:

 Spells                   Type           Power      Damage    Failure   Level
 Apportation              Tloc           0%         N/A       52%         1
 Necrotise                Necr           0%         1d4       52%         1
 Sting                    Conj/Alch      0%         1d3       52%         1
 Summon Small Mammal      Summ           0%         N/A       52%         1
 Fugue of the Fallen      Necr           0%         N/A       88%         3
 Hailstorm                Conj/Ice       0%         3d5       88%         3
 Ozocubu's Armour         Ice            0%         N/A       88%         3
 Summon Ice Beast         Ice/Summ       0%         N/A       88%         3
 Manifold Assault         Tloc           0%         N/A       99%         4
 Sculpt Simulacrum        Ice/Alch       0%         N/A       100%        6


Dungeon Overview and Level Annotations

Branches:
Dungeon (4/15)
 Temple: D:4-7

Altars:
Makhleb

Shops:
D:3 (:![[

Annotations:
D:4 1 transporter, rotlqkf's ghost, amateur VSFi


Innate Abilities, Weirdness & Mutations

You are too large for most types of armour.
You have claws for hands.
Your natural rate of healing is unusually fast.
You are covered in fur. (AC +1)
You have tough skin. (AC +1)


Message History

The quasit bites you. The quasit claws you. The quasit barely misses you.
The quasit bites you.
* * * LOW HITPOINT WARNING * * *
The quasit claws you but does no damage. x2
The quasit bites you.
* * * LOW HITPOINT WARNING * * *
The quasit claws you.
* * * LOW HITPOINT WARNING * * *
The quasit claws you.
* * * LOW HITPOINT WARNING * * *
You feel clumsy.
Aiming: Mindburst
Press: ? - help, Q - select action, (/) - cycle Shift-Dir - straight line, f/p - quasit
Aim: a quasit (heavily wounded, chance to affect: 72%)
The quasit's mind is blasted!
You blow up the quasit!
Trog accepts your kill. Rotlqkf's ghost hits you.
* * * LOW HITPOINT WARNING * * *
You feel your dexterity returning.
You have reached level 6!
You feel stronger.
Aiming: Mindburst
Press: ? - help, Q - select action, (/) - cycle Shift-Dir - straight line, f - rotlqkf's ghost
Aim: rotlqkf's ghost (lightly damaged, chance to affect: 52%) Rotlqkf's ghost resists with significant effort.
Rotlqkf's ghost hits you.
* * * LOW HITPOINT WARNING * * *
This armour is too small for you! This armour is too small for you!
It was a potion of attraction.
You feel attractive to monsters.
Rotlqkf's ghost lets out a mournful wail.
Rotlqkf's ghost hits you!
* * * LOW HITPOINT WARNING * * *
Rotlqkf's ghost hits you but does no damage.
It was a potion of enlightenment.
You feel very buoyant.
You fly up into the air.
Rotlqkf's ghost hits you.
You die...

#####..........###...###.#
..............##.......#.
......###.....#..#.#...#
####### #.#...#..#.#...#
##.###.##.....#.#
##...##..#..#...#
#.......©#...©#
#....#....#W#.....#
#....###..##@#...#.#
#...## #..#..#.##..#
#...## ##.#.#... ..©#
#...# ..##..#. ..## ....#
... ..... ## ...#
#...##.### ##. .


You could see rotlqkf's ghost.

Vanquished Creatures
  3 quasits (D:4)
  A jelly (D:3)
  6 adders (D:2)
  A gnoll (D:1)
  4 dart slugs
  A ribbon worm (D:2)
  An orc (D:3)
  5 endoplasms
  3 giant cockroaches
  7 hobgoblins
  10 jackals
  2 quokkas
  7 ball pythons
  5 bats
  4 frilled lizards
  6 goblins
  A kobold (D:2)
  5 rats
72 creatures vanquished.

Notes
Turn   | Place    | Note
-------+----------+-------------------------------------------
     0 | D:1      | Tl02 the Troll Berserker began the quest for the Orb.
     0 | D:1      | Reached XP level 1. HP: 22/22 MP: 0/0
   278 | D:1      | Reached XP level 2. HP: 29/29 MP: 1/1
   475 | D:1      | Reached skill level 1 in Ranged Weapons
   718 | D:2      | Reached XP level 3. HP: 33/36 MP: 2/2
   728 | D:2      | Reached ** piety under Trog
   927 | D:2      | Reached XP level 4. HP: 42/44 MP: 3/3
  1121 | D:2      | Found a faded altar of an unknown god.
  1432 | D:3      | Found Ziwoc's Armour Shop.
  1445 | D:3      | Reached *** piety under Trog
  1472 | D:3      | Found Rewikhlu's Antique Armour Boutique.
  1478 | D:3      | Found Musoc's Distillery.
  1525 | D:3      | Found Xiska's Book Emporium.
  1649 | D:3      | Found a burning altar of Makhleb.
  1841 | D:3      | Reached XP level 5. HP: 52/53 MP: 4/4
  1892 | D:3      | Found Nuulaodd's Antique Weapon Shop.
  2288 | D:4      | Found a transporter.
  2296 | D:4      | Noticed rotlqkf's ghost (amateur VSFi)
  2311 | D:4      | Found a transporter.
  2334 | D:4      | Lost dexterity.
  2353 | D:4      | Reached XP level 6. HP: 11/61 MP: 5/5
  2354 | D:4      | HP: 2/61 [rotlqkf's ghost (9)]
  2355 | D:4      | Slain by rotlqkf's ghost

Illustrated notes

Levels and vault maps discovered:
D:1:      dpeg_arrival_tiny_a, layout_loops_cross,
          nicolae_houndstooth_variations
D:2:      layout_rooms, ebering_ecumenical_altar_abandoned, serial_park_tiny_1,
          minmay_ruptured
D:3:      layout_rooms, demons_altar, serial_shops, shop, shop, shop,
          nicolae_shop_hallway_plus, shop, hangedman_decor_growths
D:4:      cheibrodos_quashed, layout_cave_pods, mainiacjoe_overflow_paths,
          gammafunk_ghost_stat_death, uniq_robin, uniq_grinder

Skill      XL: |  1  2  3  4 |
---------------+-------------+-----
Ranged Weapons | 1 2 |  2.8
Fighting       | 3 |  3.2
Dodging        | 3 |  3.4
Stealth        | |  0.1
Unarmed Combat | |  3.1

Action                     |  1- 3 |  4- 6 || total
---------------------------+-------+-------++-------
   Fire: Arbalest          |   126 |   140 ||   266
  Evoke: Wand              |       |     7 ||     7
    Use: Potion            |     2 |     3 ||     5
 Armour: Animal skin       |   201 |   374 ||   575
  Dodge: Dodged            |   182 |   367 ||   549

Table legend: (Time is in decaauts)
 A = Elapsed time spent in this place.
 B = Non-inter-level travel time spent in this place.
 C = Inter-level travel time spent in this place.
 D = Time resting spent in this place.
 E = Time spent auto-exploring this place.
 F = Levels seen in this place.
 G = Mean time per level.
                   A        B        C        D        E       F      G
               +--------+--------+--------+--------+--------+-----+--------+
         Total |   2583 |    970 |   1613 |      0 |      0 |   4 |  645.8 |
       Dungeon |   2583 |    970 |   1613 |      0 |      0 |   4 |  645.8 |
               +--------+--------+--------+--------+--------+-----+--------+

Top non-repeatable levels by time:
     D:3: 809 daAuts
     D:2: 796 daAuts
     D:1: 785 daAuts
     D:4: 192 daAuts
